 Dungeon Crawl Stone Soup version 0.28-a0-533-g9f97627e2a (webtiles) character file.

Game seed: 10456091066424793348

1060 DungeonMaster the Conjurer (level 8, -5/60 HPs)
             Began as a Demonspawn Wanderer on Sept 25, 2021.
             Slain by a two-headed ogre (11 damage)
             ... on level 5 of the Dungeon.
             The game lasted 00:12:48 (7597 turns).

DungeonMaster the Conjurer (Demonspawn Wanderer)    Turns: 7597, Time: 00:12:48

Health: -5/60      AC: 10    Str: 13    XL:     8   Next: 6%
Magic:  14/14      EV: 12    Int: 16    God:
Gold:   167        SH:  0    Dex: 12    Spells: 3/15 levels left

rFire   . . .      SeeInvis .   a - +2 short sword (venom)
rCold   . . .      Faith    .   (no shield)
rNeg    . . .      Spirit   .   t - +1 steam dragon scales
rPois   .          Reflect  .   (no helmet)
rElec   .          Harm     .   (no cloak)
rCorr   .          Rampage  .   (no gloves)
Will    .....                   n - +1 pair of boots
Stlth   ++........              e - amulet of the acrobat
HPRegen 0.20/turn               (no ring)
MPRegen 0.14/turn               (no ring)

@: mighty
A: molten scales 1, powered by pain 1
a: no special abilities


You were on level 5 of the Dungeon.
You visited 1 branch of the dungeon, and saw 5 of its levels.

You collected 167 gold pieces.

Inventory:

Hand Weapons
 a - a +2 short sword of venom (weapon)
 s - a +2 dagger
 w - a +0 hunting sling
Missiles
 d - 97 stones (quivered)
 g - 19 sling bullets
 h - 29 bolts
 m - 21 arrows
Armour
 n - a +1 pair of boots (worn)
 t - +1 steam dragon scales (worn)
Jewellery
 e - an amulet of the acrobat (around neck)
 u - a +4 ring of protection
Wands
 l - a wand of digging (4)
 q - a wand of flame (7)
Scrolls
 k - a scroll of immolation
 p - a scroll of teleportation
 v - a scroll of identify
Potions
 b - a potion of heal wounds
 c - a potion of magic
 f - a potion of haste {unknown}
 i - 2 potions of invisibility
 j - a potion of lignification
 o - a potion of curing
 r - a potion of brilliance {unknown}


   Skills:
 * Level 3.9 Fighting
 - Level 1.0 Maces & Flails
 - Level 1.0 Armour
 - Level 3.2 Dodging
 - Level 1.0 Stealth
 - Level 1.0 Shields
 * Level 4.0 Spellcasting
 * Level 4.8 Conjurations
 * Level 0.8 Ice Magic
 * Level 3.0 Air Magic
 * Level 3.2 Poison Magic


You had 3 spell levels left.
You knew the following spells:

 Your Spells              Type           Power      Damage    Failure   Level
a - Magic Dart            Conj           72%        1d6       2%          1
b - Ignite Poison         Fire/Tmut/Pois 6%         N/A       32%         3
c - Freezing Cloud        Conj/Ice/Air   6%         6-21      82%         5
d - Mephitic Cloud        Conj/Pois/Air  15%        N/A       11%         3

Your spell library contained the following spells:

 Spells                   Type           Power      Damage    Failure   Level
 Pain                     Necr           12%        1d4       17%         1
 Sublimation of Blood     Necr           1%         N/A       26%         2
 Vampiric Draining        Necr           1%         2d6       45%         3
 Petrify                  Tmut/Erth      3%         N/A       86%         4
 Irradiate                Conj/Tmut      5%         3d15      86%         5


Dungeon Overview and Level Annotations

Branches:
Dungeon (4/15)
 Temple: D:4-7

Altars:
Gozag
Kikubaaqudgha


Innate Abilities, Weirdness & Mutations

You are partially covered in molten scales. (AC +2)
You sometimes gain a little power by taking damage.


Message History

The two-headed ogre is engulfed in noxious fumes.
The two-headed ogre appears confused.
The two-headed ogre is engulfed in noxious fumes.
The two-headed ogre barely misses you.
The two-headed ogre completely misses you.
You hit the two-headed ogre but do no damage.
The two-headed ogre is lightly wounded.
You hit the two-headed ogre.
The two-headed ogre is lightly wounded.
The two-headed ogre is engulfed in noxious fumes.
The two-headed ogre hits you with a +0 giant club!
You focus on the pain.
You feel your power returning. The two-headed ogre barely misses you.
You hit the two-headed ogre.
The two-headed ogre is poisoned.
The two-headed ogre is moderately wounded.
The two-headed ogre is engulfed in noxious fumes.
The two-headed ogre completely misses you.
The two-headed ogre hits you with a +0 giant spiked club!
You hit the two-headed ogre but do no damage.
The two-headed ogre looks as sick as possible!
The two-headed ogre is moderately wounded.
The two-headed ogre is engulfed in noxious fumes.
The two-headed ogre appears confused.
The two-headed ogre wonders, "What am I doing in here?"
The two-headed ogre closely misses you.
The two-headed ogre hits you with a +0 giant spiked club!
You focus on the pain.
You feel very mighty all of a sudden.
Your magical contamination has completely faded away.
Things that are here:
a +0 club; a +0 scale mail; an orc corpse The two-headed ogre seems less confused.
You barely miss the two-headed ogre.
The two-headed ogre is heavily wounded.
The two-headed ogre hits you with a +0 giant club!!
* * * LOW HITPOINT WARNING * * *
You focus on the pain.
You feel mightier all of a sudden.
The two-headed ogre hits you with a +0 giant spiked club!
You die...

## ### .##### ... .....# #
#.###.# #.#.# #...# #.#.# #
##)## #...
#####.####)#####.#######
.......@O)........[.....
#...#####.##...#####.#######
..... .......#.# #.####
##...#####.####.# #.o..#
.....####.####.# #.##o#
###..............#####)P# .#
.....# ##............{P..#
###..####
#####........≈≈≈≈o.≈
####.)†....#
#.######≈≈♣♣♣Po≈


You could see a two-headed ogre (very poisoned).

Vanquished Creatures
  A steam dragon (D:4)
  3 necrophages (D:4)
  A scorpion (D:2)
  A water moccasin zombie (D:4)
  A water moccasin skeleton (D:3)
  A wight (D:4)
  A bullfrog zombie (D:4)
  A centaur zombie (D:4)
  A human zombie (D:4)
  An orc priest (D:5)
  A bullfrog skeleton (D:4)
  An iguana (D:4)
  3 orc wizards (D:5)
  3 hound zombies (D:4)
  A hound skeleton (D:4)
  A mummy (D:4)
  5 adders
  An ufetubus (D:4)
  An adder skeleton (D:4)
  4 worms
  A dart slug (D:4)
  6 orcs
  7 bats
  4 endoplasms
  2 giant cockroaches
  4 hobgoblins
  2 jackals (D:3)
  11 kobolds
  8 quokkas
  7 ball pythons
  5 frilled lizards
  8 goblins
  14 rats
112 creatures vanquished.

Vanquished Creatures (others)
  7 plants (D:5)
7 creatures vanquished.

Grand Total: 119 creatures vanquished

Notes
Turn   | Place    | Note
-------+----------+-------------------------------------------
     0 | D:1      | DungeonMaster the Demonspawn Wanderer began the quest for
                  | the Orb.
     0 | D:1      | DungeonMaster set off with the following items: a +2
                  | dagger, a potion of heal wounds, a +0 robe; and the
                  | following spells available to memorise: Magic Dart, Pain,
                  | Mephitic Cloud, Vampiric Draining
     0 | D:1      | Reached XP level 1. HP: 15/15 MP: 3/3
     2 | D:1      | Learned a level 1 spell: Magic Dart
   723 | D:1      | Gained mutation: You sometimes gain a little power by
                  | taking damage. [demonic ancestry]
   723 | D:1      | Reached XP level 2. HP: 21/21 MP: 0/5
   815 | D:1      | Found a faded altar of an unknown god.
  1447 | D:1      | Reached skill level 1 in Dodging
  1729 | D:2      | HP: 1/21 [worm (9)]
  2126 | D:2      | Reached XP level 3. HP: 14/27 MP: 6/6
  2348 | D:2      | Learned a level 3 spell: Mephitic Cloud
  3251 | D:2      | Reached XP level 4. HP: 27/33 MP: 4/7
  3428 | D:2      | Noticed a scorpion
  3434 | D:2      | Killed a scorpion
  3435 | D:2      | Reached skill level 1 in Poison Magic
  3809 | D:2      | Reached XP level 5. HP: 38/38 MP: 7/9
  4174 | D:2      | Reached skill level 1 in Air Magic
  5231 | D:4      | Noticed a steam dragon
  5333 | D:3      | Learned a level 3 spell: Ignite Poison
  5496 | D:4      | Killed a steam dragon
  5497 | D:4      | Reached XP level 6. HP: 28/46 MP: 4/10
  5919 | D:4      | Found an ancient bone altar of Kikubaaqudgha.
  6035 | D:4      | Gained mutation: You are partially covered in molten
                  | scales. (AC +2) [demonic ancestry]
  6035 | D:4      | Reached XP level 7. HP: 44/52 MP: 1/12
  6987 | D:4      | Learned a level 5 spell: Freezing Cloud
  7358 | D:4      | Found an opulent altar of Gozag.
  7358 | D:4      | You fall into a shaft and drop 1 floor!
  7358 | D:5      | Entered Level 5 of the Dungeon
  7487 | D:5      | Reached XP level 8. HP: 43/60 MP: 5/14
  7583 | D:5      | Noticed a two-headed ogre
  7597 | D:5      | Slain by a two-headed ogre

Illustrated notes

Levels and vault maps discovered:
D:1:      giann_bridges, layout_loops_cross,
          shapermc_ecumenical_altar_starsandcircs
D:2:      layout_basic, minmay_between
D:3:      layout_rooms, kennysheep_generic_room_8
D:4:      layout_rooms, general_overflow_altar,
          mainiacjoe_overflow_large_starburst,
          lemuel_mausoleum_altar_kikubaaqudgha
D:5:      layout_loops_ring, mainiacjoe_overflow_big_doors, hex_tiny,
          serial_bayou_pond_c

Skill      XL: |  1  2  3  4  5  6  7  8 |
---------------+-------------------------+-----
Dodging        | 1 2 3 |  3.2
Fighting       | 2 3 |  3.9
Poison Magic   | 1 2 3 |  3.2
Air Magic      | 1 2 3 |  3.0
Spellcasting   | 3 4 |  4.0
Conjurations   | 4 |  4.8
Maces & Flails | |  1.0
Armour         | |  1.0
Stealth        | |  1.0
Shields        | |  1.0
Ice Magic      | |  0.8

Action                   |  1- 3 |  4- 6 |  7- 9 || total
-------------------------+-------+-------+-------++-------
Melee: Dagger            |    18 |       |       ||    18
       Short sword       |    36 |    50 |    39 ||   125
 Cast: Magic Dart        |    90 |   129 |   122 ||   341
       Mephitic Cloud    |       |     2 |     6 ||     8
Evoke: Wand              |       |     2 |       ||     2
  Use: Scroll            |     2 |     8 |     2 ||    12
 Stab: Sleeping          |       |     1 |     2 ||     3
       Confused          |       |       |     1 ||     1
Armor: Robe              |    15 |    10 |       ||    25
       Steam dragon scal |       |     7 |    47 ||    54
Dodge: Dodged            |    33 |    49 |    80 ||   162

Table legend: (Time is in decaauts)
 A = Elapsed time spent in this place.
 B = Non-inter-level travel time spent in this place.
 C = Inter-level travel time spent in this place.
 D = Time resting spent in this place.
 E = Time spent auto-exploring this place.
 F = Levels seen in this place.
 G = Mean time per level.
                   A        B        C        D        E       F      G
               +--------+--------+--------+--------+--------+-----+--------+
         Total |   7618 |   7454 |    164 |   4326 |   2082 |   5 | 1523.6 |
       Dungeon |   7618 |   7454 |    164 |   4326 |   2082 |   5 | 1523.6 |
               +--------+--------+--------+--------+--------+-----+--------+

Top non-repeatable levels by time:
     D:1: 2268 daAuts
     D:2: 1957 daAuts
     D:4: 1892 daAuts
     D:3: 1258 daAuts
     D:5: 240 daAuts
